 Dungeon Crawl Stone Soup version 0.21-a0-361-g4efd3f9 (webtiles) character file.

39 Espgualade the Skirmisher (level 3, 0/23 HPs)
             Began as a Tengu Ice Elementalist on Oct 13, 2017.
             Slain by a centaur (4 damage)
             ... on level 2 of the Dungeon.
             The game lasted 00:02:12 (835 turns).

Espgualade the Skirmisher (Tengu Ice Elementalist)   Turns: 835, Time: 00:02:13

Health: 0/23       AC:  2    Str:  8    XL:     3   Next: 45%
Magic:  6/7        EV: 14    Int: 16    God:
Gold:   55         SH:  4    Dex: 14    Spells: 3/6 levels left

rFire    . . .     SeeInvis .   e - +0 short sword
rCold    + . .     Gourm    .   i - +1 buckler {rC+}
rNeg     . . .     Faith    .   a - +0 robe
rPois    .         Spirit   .   (helmet restricted)
rElec    .         Reflect  .   (no cloak)
rCorr    .         Harm     .   (no gloves)
MR       .....                  (boots unavailable)
Stlth    ++........             (no amulet)
HPRegen  0.07/turn              (no ring)
MPRegen  0.10/turn              (no ring)

@: flying quickly and evasively, very slightly contaminated, slowed, very slow
A: beak, talons 3, mutation resistance 1
a: no special abilities


You were on level 2 of the Dungeon.
You were not hungry.

You visited 1 branch of the dungeon, and saw 2 of its levels.

You collected 55 gold pieces.

Inventory:

Hand Weapons
 e - a +0 short sword (weapon)
Armour
 a - a +0 robe (worn)
 i - a +1 buckler of cold resistance (worn)
Scrolls
 d - a scroll of magic mapping {unknown}
 f - 2 scrolls of identify {unknown}
 k - a scroll of teleportation {unknown}
 m - a scroll of fog {unknown}
Potions
 l - a potion of mutation
Books
 b - a book of Frost

   Spells                             Type                      Level
   a - Freeze                         Ice                          1
   b - Throw Frost                    Conjuration/Ice              2
   c - Ozocubu's Armour               Charms/Ice                   3
   d - Throw Icicle                   Conjuration/Ice              4
   e - Summon Ice Beast               Ice/Summoning                4
Comestibles
 c - a bread ration
 g - 3 royal jellies


   Skills:
 + Level 3.0 Fighting
 - Level 2.1 Dodging
 - Level 2.0 Stealth
 - Level 2.0 Spellcasting
 - Level 1.3 Conjurations
 - Level 2.6 Ice Magic


You had 3 spell levels left.
You knew the following spells:

 Your Spells              Type           Power        Failure   Level  Hunger
a - Freeze                Ice            ##..         12%         1    #......
b - Throw Frost           Conj/Ice       #.....       22%         2    ###....


Dungeon Overview and Level Annotations

Branches:
Dungeon (2/15)

Altars:


Innate Abilities, Weirdness & Mutations

You have a beak for a mouth.
You have claws for feet.
You are somewhat resistant to further mutation.


Message History

The centaur closely misses you. The centaur completely misses you.
The centaur closely misses you. The centaur misses you.
You see here 9 gold pieces.
You hit the centaur. Your kick misses the centaur.
The centaur is moderately wounded.
You flicker back into view.
The centaur hits you!
* * * LOW HITPOINT WARNING * * *
The centaur hits you but does no damage.
The centaur completely misses you.
Okay, then.
Casting: Freeze
Confirm with . or Enter, or press ? or * to list all spells.
Aiming: Freeze
Press: ? - help, Shift-Dir - straight line, f - centaur
Aim: a centaur (moderately wounded)
You freeze the centaur.
The centaur is moderately wounded.
The centaur barely misses you. The centaur hits you.
You die...

......# ......# ......#
......# ......# #
#####.###############.#.
........................
#####.##.....####.......
#.#.()....)(@.......
#.#.......#.c.......
#.#......####.......
#.#.(............... #
#.#......####....... #
#.#......# ....... #
#......# ....... #
......... ....... +
...........


You could see a centaur.

Vanquished Creatures
  A dart slug (D:1)
  A leopard gecko (D:1)
  A ball python (D:1)
  2 giant cockroaches (D:1)
  4 goblins
  3 hobgoblins (D:1)
  5 kobolds
  4 bats
  2 frilled lizards (D:1)
  5 rats
28 creatures vanquished.

Vanquished Creatures (others)
  Natasha (D:2)
  A hobgoblin (D:2)
2 creatures vanquished.

Grand Total: 30 creatures vanquished

Notes
Turn   | Place    | Note
-------+----------+-------------------------------------------
     0 | D:1      | Espgualade the Tengu Ice Elementalist began the quest for the Orb.
     0 | D:1      | Reached XP level 1. HP: 10/10 MP: 4/4
    38 | D:1      | Reached skill level 1 in Fighting
   124 | D:1      | Reached XP level 2. HP: 14/16 MP: 6/6
   279 | D:1      | Reached skill level 2 in Fighting
   567 | D:1      | Learned a level 2 spell: Throw Frost
   595 | D:2      | Reached XP level 3. HP: 20/22 MP: 7/7
   812 | D:2      | Noticed Natasha
   814 | D:2      | Noticed a centaur
   821 | D:2      | Gained mutation: You are somewhat resistant to further mutation. [potion of mutation]
   827 | D:2      | Killed Natasha
   827 | D:2      | Reached skill level 3 in Fighting
   835 | D:2      | Slain by a centaur

Vault maps used:
D:1:      minmay_arrival_radiant_lines
D:2:      uniq_natasha

Skill      XL: |  1  2  3 |
---------------+----------+-----
Fighting       | 1 2 3 |  3.0
Dodging        | |  2.1
Stealth        | |  2.0
Spellcasting   | |  2.0
Conjurations   | |  1.3
Ice Magic      | |  2.6

Action                   || total
-------------------------++-------
Melee: Short sword       ||    68
       Kick              ||    12
       Peck              ||     7
 Cast: Freeze            ||     2
  Use: Potion            ||     5
 Stab: Sleeping          ||     2
Armor: Robe              ||    10
Dodge: Dodged            ||    64
Block: Buckler           ||    11

Table legend:
 A = Spawn XP
 B = Non-spawn XP
 C = Spawn XP percentage of total XP
 D = Spawn monster count
 E = Non-spawn monster count
 F = Spawn count percentage of total count
 G = Total turns spent on level
                    A         B        C        D         E        F      G
               +---------+---------+-------+---------+---------+-------+---------
         Total |       0 |      56 |   0.0 |       0 |      29 |   0.0 |   835
               +---------+---------+-------+---------+---------+-------+---------
           D:1 |       0 |      32 |   0.0 |       0 |      18 |   0.0 |   568
           D:2 |       0 |      24 |   0.0 |       0 |      11 |   0.0 |   267
               +---------+---------+-------+---------+---------+-------+---------
